AoeStats
← JCarlos9910

Black Forest

509787590Analyzed
3v3 RM · 5d ago on Sep 28, 2026· 75m 26s· 6 players
Game mode
Random Map
Map size
Normal (6 player)
Population
200
Speed
Normal
Resources
Standard
Victory
Conquest
Starting age
Dark Age
Ending age
Imperial Age
RankedLock teamsTeams togetherTeam positionsShared explorationLock speedFull tech treeHidden civsTurbo modeCheats
Victory
Defeat
🇲🇽 Byzantines · Mexico
749
+11
🇨🇱 Khmer · Chile
624
+16
🇨🇱 Mongols · Chile
531
+20
🇨🇱 Burgundians · Chile
774
-50
🇲🇽 Khmer · Mexico
591
-14
🇨🇱 Vietnamese · Chile
509
-11
fegoar90
4:45 Loom
22:21 Feudal Age
23:19 Double-Bit Axe
24:22 Town Watch
24:54 Horse Collar
25:51 Man-at-Arms
26:49 Fletching
28:25 Wheelbarrow
28:44 Forging
34:55 Castle Age
38:31 Castle Age
39:47 Hand Cart
41:05 Murder Holes
41:28 Masonry
41:43 Heavy Plow
42:45 Long Swordsman
43:27 Squires
44:27 Bow Saw
46:04 Ballistics
47:30 Treadmill Crane
48:06 Fortified Wall
54:00 Caravan
59:01 Gold Mining
59:02 Stone Mining
63:34 Town Patrol
66:48 Imperial Age
68:10 Bodkin Arrow
68:16 Padded Archer Armor
73:15 Bracer
73:30 Leather Archer Armor
75:23 Chemistry
75:07 Thumb Ring
75:02 Crossbowman
JCarlos9910
1:50 Loom
17:50 Feudal Age
19:54 Wheelbarrow
19:07 Double-Bit Axe
19:55 Horse Collar
27:36 Castle Age
28:54 Town Watch
29:26 Bow Saw
29:18 Heavy Plow
29:29 Scale Barding Armor
31:34 Chain Barding Armor
33:43 Hand Cart
36:34 Light Cavalry
45:08 Stone Mining
45:09 Gold Mining
48:23 Ballistics
48:08 Padded Archer Armor
52:49 Imperial Age
55:00 Hussar
56:07 Chain Barding Armor
56:51 Chemistry
65:53 Siphons
66:08 Leather Archer Armor
67:38 Town Patrol
72:03 Gold Shaft Mining
72:04 Stone Shaft Mining
72:11 Crop Rotation
sluzalillo
0:28 Loom
4:40 Wheelbarrow
15:25 Feudal Age
14:27 Horse Collar
14:37 Double-Bit Axe
16:54 Hand Cart
21:13 Castle Age
19:39 Stone Mining
20:46 Heavy Plow
22:07 Bow Saw
23:39 Gold Mining
27:02 Fletching
28:41 Murder Holes
30:21 Stone Shaft Mining
37:01 Imperial Age
35:25 Caravan
36:27 Forging
36:25 Scale Barding Armor
36:34 Squires
37:54 Burgundian Vineyards
38:01 Husbandry
39:40 Chemistry
39:16 Crop Rotation
39:41 Iron Casting
40:05 Conscription
40:55 Two-Man Saw
39:41 Cavalier
40:01 Pikeman
42:21 Blast Furnace
43:29 Paladin
44:32 Chain Barding Armor
44:13 Padded Archer Armor
46:37 Plate Barding Armor
46:34 Coinage
46:54 Leather Archer Armor
48:13 Scale Mail Armor
48:09 Bodkin Arrow
51:15 Fervor
51:10 Arson
52:46 Banking
52:45 Masonry
52:16 Treadmill Crane
52:57 Ballistics
52:34 Murder Holes
55:25 Halberdier
65:01 Elite Skirmisher
68:26 Bracer
71:41 Elite Skirmisher
pjanic1520
1:09 Loom
16:33 Feudal Age
21:42 Castle Age
19:54 Double-Bit Axe
20:03 Gold Mining
20:12 Horse Collar
22:59 Wheelbarrow
27:09 Arson
30:34 Fishing Lines
30:56 Heavy Plow
31:42 Gold Shaft Mining
34:41 Gillnets
38:49 Forging
38:40 Scale Mail Armor
41:40 Imperial Age
39:27 Hand Cart
41:30 Squires
42:23 Elite Varangian Guard
44:21 Capped Ram
45:36 Conscription
46:06 Logistica
46:31 Conscription
45:53 Siege Ram
49:30 Elite Cataphract
56:40 Iron Casting
56:21 Chain Mail Armor
56:13 Scale Barding Armor
65:47 Chain Barding Armor
65:58 Plate Mail Armor
Cami Fer
0:30 Loom
21:06 Feudal Age
28:47 Horse Collar
31:24 Castle Age
31:11 Stone Mining
31:12 Gold Mining
31:14 Double-Bit Axe
33:31 Stone Shaft Mining
38:59 Bow Saw
40:30 Heavy Plow
42:09 Gold Shaft Mining
42:56 Murder Holes
43:15 Fortified Wall
43:10 Town Watch
44:55 Wheelbarrow
49:35 Imperial Age
47:18 Murder Holes
47:34 Masonry
50:12 Hand Cart
51:14 Town Patrol
52:22 Crop Rotation
52:52 Caravan
54:30 Double Crossbow
54:52 Conscription
54:40 Tusk Swords
56:18 Ballistics
56:30 Capped Ram
59:44 Scale Barding Armor
59:54 Scale Mail Armor
61:13 Elite Ballista Elephant
63:13 Chemistry
63:41 Forging
63:47 Chain Mail Armor
63:33 Padded Archer Armor
64:32 Architecture
65:51 Iron Casting
65:08 Fletching
65:39 Chain Barding Armor
66:22 Leather Archer Armor
65:31 Pikeman
66:40 Halberdier
68:26 Heavy Scorpion
72:55 Husbandry
72:16 Cavalier
74:50 Bloodlines
74:01 Light Cavalry
Sebasstt
0:40 Loom
13:19 Feudal Age
15:03 Double-Bit Axe
15:01 Horse Collar
20:28 Fletching
23:30 Castle Age
22:44 Wheelbarrow
23:27 Gold Mining
23:56 Bloodlines
24:03 Light Cavalry
28:45 Husbandry
30:04 Hand Cart
31:53 Scale Barding Armor
33:33 Bodkin Arrow
34:35 Bow Saw
37:49 Imperial Age
36:15 Chain Barding Armor
36:48 Coinage
36:20 Murder Holes
36:55 Fortified Wall
37:20 Forging
38:23 Town Watch
38:41 Heavy Plow
39:34 Bracer
39:39 Squires
41:22 Pikeman
44:21 Town Patrol
45:59 Iron Casting
46:28 Hussar
47:38 Stone Mining
48:23 Gold Shaft Mining
49:13 Blast Furnace
50:33 Caravan
51:04 Banking
52:25 Stone Shaft Mining
52:17 Drill
51:24 Onager
53:44 Parthian Tactics
53:35 Heavy Cavalry Archer
54:21 Thumb Ring
53:59 Capped Ram
57:01 Ballistics
57:42 Chemistry
56:10 Elite Mangudai
58:44 Heavy Scorpion
58:46 Siege Ram
62:05 Siege Onager
68:52 Padded Archer Armor
68:52 Scale Mail Armor
69:07 Masonry
69:04 Siege Engineers
73:39 Conscription
Connection lost

Rejoining the realm…

Still unreachable

The connection could not be restored.

Session expired

The server has moved on; the page needs a fresh start.